 Dungeon Crawl Stone Soup version 0.20.0-15-g7f486f2 (webtiles) character file.

421 torrenera the Carver (level 6, -5/47 HPs)
             Began as a Barachi Fighter on June 23, 2017.
             Killed from afar by Terandir's ghost (23 damage)
             ... with a stone arrow
             ... on level 4 of the Dungeon.
             The game lasted 00:06:58 (3517 turns).

torrenera the Carver (Barachi Fighter)              Turns: 3517, Time: 00:07:00

Health: -5/47      AC: 10    Str: 18    XL:     6   Next: 94%
Magic:  6/6        EV:  4    Int:  8    God:
Gold:   175        SH:  9    Dex: 13    Spells: 5/5 levels left

rFire    . . .     SeeInvis .   a - +0 long sword
rCold    . . .     Gourm    .   c - +0 shield
rNeg     . . .     Faith    .   t - +1 chain mail {MR+}
rPois    .         Spirit   .   (no helmet)
rElec    .         Reflect  .   (no cloak)
rCorr    .         Harm     .   (no gloves)
MR       +....                  (no boots)
Stlth    ..........             (no amulet)
Regen    0.2/turn               (no ring)
MPRegen  0.1/turn               (no ring)

@: slow
A: +LOS, swims, slowness 1, strong legs 1
a: Hop


You were on level 4 of the Dungeon.
You were not hungry.

You visited 1 branch of the dungeon, and saw 4 of its levels.

You collected 175 gold pieces.

Inventory:

Hand Weapons
 a - a +0 long sword (weapon)
 B - a +2 short sword of venom
Missiles
 j - 93 stones (quivered)
 x - 19 sling bullets
 y - 8 tomahawks
Armour
 c - a +0 shield (worn)
 t - a +1 chain mail of magic resistance (worn)
Jewellery
 n - an uncursed ring of stealth {unknown}
 o - a cursed ring of teleportation {unknown}
 p - an uncursed amulet of rage {unknown}
Wands
 d - a wand of disintegration (10/24)
Scrolls
 g - a scroll of enchant armour {unknown}
 h - 5 scrolls of amnesia {unknown}
 l - 2 scrolls of identify {unknown}
 m - a scroll of remove curse {unknown}
 q - 2 scrolls of teleportation {unknown}
 r - 3 scrolls of magic mapping {unknown}
 v - 2 scrolls of recharging {unknown}
Potions
 e - a potion of mutation {unknown}
 i - 3 potions of curing
 k - a potion of invisibility {unknown}
 s - a potion of magic {unknown}
 w - a potion of haste {unknown}
 z - a potion of brilliance {unknown}
 A - a potion of agility {unknown}
Comestibles
 b - 7 chunks of flesh
 f - 2 bread rations
 u - a royal jelly


   Skills:
 - Level 3.6 Fighting
 + Level 8.6 Long Blades
 - Level 3.6 Armour
 - Level 3.2 Shields


You had 5 spell levels left.
You didn't know any spells.

Dungeon Overview and Level Annotations

Branches:
Dungeon (4/15)
 Temple: D:4-7

Altars:
Ru

Annotations:
D:4 Terandir's ghost, novice DEEE


Innate Abilities, Weirdness & Mutations

Shadows flee at your approach. (+LOS)
You can swim through water.
You cover ground slowly.
You can hop short distances.


Message History

Terandir's ghost hits you but does no damage.
You slash Terandir's ghost!
Terandir's ghost is almost destroyed.
Terandir's ghost hits you.
You hit Terandir's ghost but do no damage.
Terandir's ghost is almost destroyed.
You block Terandir's ghost's attack.
You closely miss Terandir's ghost.
Terandir's ghost is severely damaged.
Terandir's ghost hits you but does no damage.
You block Terandir's ghost's attack.
Your shield and chain mail prevent you from hitting Terandir's ghost.
Terandir's ghost is severely damaged.
You hit Terandir's ghost but do no damage.
Terandir's ghost is severely damaged.
Terandir's ghost shrieks, "What do you have that I didn't have?"
Terandir's ghost barely misses you.
Terandir's ghost points at you and mumbles some strange words.
The stone arrow hits you!
You die...

........#### #.......
<. #...... #.. . #....
#.. .. ##...## #.# ..#
#.....# #.'########'.
#.....####
#...........
#........#####..W# .#
#...####........@##..#
### ....#
####.........# ##..
....#######..####..##
########...
.............#
##..###..........
............##
#......#.......
###..########
#.....####).##. #^##
#######....## #..###
#.# ##....#......#
##.# # #.##
#............# #)#


You could see Terandir's ghost.

Vanquished Creatures
  Sigmund (D:3)
  An orc priest (D:3)
  An orc wizard (D:3)
  Natasha (thrice) (D:3)
  3 adders (D:3)
  2 worms
  3 dart slugs
  2 leopard geckos
  21 orcs
  A ball python (D:1)
  6 bats
  2 giant cockroaches
  7 goblins
  8 hobgoblins
  7 jackals
  2 kobolds (D:1)
  2 quokkas
  4 frilled lizards
  A jackal skeleton (D:4)
  9 rats
86 creatures vanquished.

Notes
Turn   | Place    | Note
-------+----------+-------------------------------------------
     0 | D:1      | torrenera the Barachi Fighter began the quest for the Orb.
     0 | D:1      | Reached XP level 1. HP: 18/18 MP: 1/1
    88 | D:1      | Reached skill level 3 in Long Blades
   101 | D:1      | Reached XP level 2. HP: 24/24 MP: 2/2
   414 | D:1      | Reached skill level 4 in Long Blades
   501 | D:1      | Reached XP level 3. HP: 28/29 MP: 3/3
   882 | D:2      | Found a faded altar of an unknown god.
  1341 | D:2      | Found a sacrificial altar of Ru.
  1594 | D:3      | Noticed Natasha
  1604 | D:3      | Killed Natasha
  1604 | D:3      | Reached skill level 5 in Long Blades
  1604 | D:3      | Reached XP level 4. HP: 26/36 MP: 4/4
  1852 | D:3      | Noticed Sigmund
  1869 | D:3      | HP: 1/36 [orc/trident (6)]
  1873 | D:3      | Killed Sigmund
  1873 | D:3      | Reached skill level 7 in Long Blades
  1873 | D:3      | Reached XP level 5. HP: 1/41 MP: 5/5
  1873 | D:3      | Reached XP level 6. HP: 2/47 MP: 6/6
  2325 | D:3      | Noticed Natasha
  2332 | D:3      | Killed Natasha
  2332 | D:3      | Reached skill level 8 in Long Blades
  3172 | D:3      | Noticed Natasha
  3179 | D:3      | Killed Natasha
  3495 | D:4      | Noticed Terandir's ghost (novice DEEE)
  3517 | D:4      | Killed from afar by Terandir's ghost

Skill      XL: |  1  2  3  4  5  6 |
---------------+-------------------+-----
Long Blades    | 3 4 5 7 8 |  8.6
Fighting       | |  3.6
Armour         | |  3.6
Shields        | |  3.2

Action                   |  1- 3 |  4- 6 || total
-------------------------+-------+-------++-------
Melee: Long sword        |   134 |   213 ||   347
Throw: Stone             |       |     1 ||     1
 Abil: Hop               |       |     1 ||     1
  Use: Potion            |       |     3 ||     3
  Eat: Chunk             |     3 |     7 ||    10
Armor: Scale mail        |    73 |    59 ||   132
       Chain mail        |       |    16 ||    16
Dodge: Dodged            |    44 |    35 ||    79
Block: Shield            |    88 |    88 ||   176
       Rpst.: Long sword |    13 |     9 ||    22
